Map: Lost and Found LE

Players

LiquidTLO (TLO) - Winner!

  • Race: Zerg Zerg
  • Spawn Location: 7:00

DeMusliM

  • Race: Terran Terran
  • Spawn Location: 1:00

Event: WCS Valencia 2018

VOD

Have the link to the VOD?

Description

Time

  • Played on: July 12, 2018, 9:39 a.m.
  • Length: 21:11

All games in this series

Show
View Real Time Build Order
Export as new Build Order

LiquidTLO Zerg - Winner!

Build Orders: Pool First, Brood Lord Corruptor, Muta Ling Bane 

Get SALT Encoding   

  12  0:01  Drone  
  13  0:09  Drone  
  14  0:16  Overlord  
  14  0:34  Drone x2  
  16  0:40  Spawning Pool  
  15  0:43  Drone  
  15  0:49  Drone  
  17  1:09  Hatchery  
  17  1:11  Drone  
  17  1:27  Extractor, Zergling x4  
  17  1:29  Zergling x2  
  17  1:32  Queen  
  19  1:39  Overlord  
  21  1:50  Drone  
  22  2:02  Drone  
  23  2:10  Hatchery  
  22  2:19  Queen  
  24  2:24  Drone  
  24  2:29  Drone  
  26  2:40  Overlord  
  26  2:41  Drone x2  
  27  2:47  Drone  
  27  2:51  Overlord  
  27  2:57  Metabolic Boost  
  26  3:00  Drone  
  26  3:03  Drone  
  26  3:05  Drone  
  29  3:07  Drone  
  29  3:10  Drone  
  31  3:14  Drone  
  31  3:17  Drone  
  33  3:24  Queen  
  33  3:26  Zergling x2  
  36  3:27  Zergling x2  
  36  3:33  Queen  
  39  3:37  Drone  
  39  3:39  Drone  
  42  3:41  Drone x2  
  42  3:48  Drone  
  44  3:51  Queen, Drone  
  44  3:55  Zergling x4  
  49  3:57  Drone  
  49  3:58  Drone  
  51  4:03  Drone x2  
  51  4:06  Baneling Nest  
  51  4:09  Drone  
  52  4:11  Evolution Chamber  
  52  4:14  Overlord  
  51  4:19  Drone x2  
  51  4:21  Overlord  
  51  4:23  Drone x2  
  55  4:28  Drone  
  57  4:31  Zergling x4  
  57  4:35  Spore Crawler  
  57  4:36  Spore Crawler  
  56  4:39  Drone  
  56  4:41  Spore Crawler  
  56  4:42  Zerg Ground Armor Level 1, Drone  
  56  4:44  Drone  
  58  4:46  Zergling x2  
  58  4:49  Zergling x2  
  58  4:51  Baneling x2  
  60  4:54  Drone  
  60  4:58  Spore Crawler  
  60  5:04  Drone x2  
  60  5:05  Drone x2  
  60  5:06  Drone x3  
  67  5:08  Drone  
  67  5:11  Drone  
  67  5:12  Drone  
  70  5:15  Spore Crawler  
  70  5:18  Drone  
  70  5:19  Extractor, Zergling x2  
  70  5:22  Zergling x2  
  70  5:23  Zergling x2  
  70  5:25  Drone x2  
  70  5:27  Hatchery  
  73  5:31  Overlord  
  73  5:32  Drone  
  73  5:33  Overlord  
  74  5:36  Lair  
  74  5:39  Extractor  
  74  5:41  Extractor, Drone  
  73  5:43  Evolution Chamber  
  73  5:45  Drone x2  
  73  5:46  Overlord  
  73  5:49  Overlord  
  74  5:50  Drone  
  74  5:51  Extractor, Drone x3  
  74  5:52  Drone  
  74  5:53  Zergling x2  
  79  6:00  Drone  
  79  6:01  Drone  
  79  6:02  Drone x2  
  82  6:04  Drone  
  82  6:06  Drone  
  82  6:09  Drone  
  82  6:10  Drone  
  86  6:12  Extractor  
  86  6:14  Zerg Melee Weapons Level 1  
  86  6:15  Drone x5  
  90  6:20  Hatchery  
  90  6:21  Baneling x2  
  90  6:23  Zergling x4  
  90  6:24  Zergling x2  
  92  6:31  Zergling x4  
  92  6:32  Zergling x2  
  94  6:34  Zergling x2  
  94  6:35  Zergling x2  
  94  6:36  Zergling x6  
  94  6:37  Zergling x2  
  94  6:39  Centrifical Hooks  
  95  6:41  Zergling x2  
  95  6:42  Drone x2  
  98  6:48  Zergling x2  
  98  6:50  Drone  
  98  6:51  Drone x2  
  98  6:52  Baneling x4  
  102  6:58  Zergling x2  
  102  6:59  Overlord  
  102  7:00  Zergling x2  
  105  7:01  Zergling x2  
  105  7:02  Zergling x2  
  105  7:03  Zergling x2, Baneling x2  
  105  7:04  Zergling x4, Spire  
  105  7:05  Zergling x2  
  105  7:06  Zergling x2  
  110  7:12  Zergling x4, Baneling  
  112  7:17  Overlord x2  
  112  7:19  Zerg Ground Armor Level 2  
  112  7:26  Overlord  
  112  7:27  Drone  
  112  7:28  Zergling x2, Drone x2  
  112  7:29  Zergling x8  
  119  7:31  Zergling x2  
  119  7:32  Zergling x4  
  119  7:33  Zergling x4  
  119  7:34  Zergling x2  
  119  7:35  Zergling x2  
  123  7:37  Zergling x8  
  123  7:39  Zergling x2  
  123  7:43  Zergling x2  
  122  7:47  Drone  
  122  7:48  Drone  
  122  7:50  Extractor  
  123  7:54  Drone x3  
  123  7:55  Zergling x2  
  123  7:58  Hatchery  
  126  7:59  Zergling x2  
  126  8:01  Baneling x7  
  127  8:11  Infestation Pit  
  124  8:19  Mutalisk  
  123  8:20  Mutalisk x5, Zerg Flyer Weapons Level 1  
  123  8:25  Baneling x2  
  134  8:28  Mutalisk  
  132  8:35  Overlord  
  132  8:36  Overlord  
  132  8:37  Mutalisk  
  132  8:40  Drone  
  135  8:43  Extractor, Zergling x8  
  135  8:47  Zerg Melee Weapons Level 2  
  138  8:49  Zergling x8  
  138  8:50  Zergling x12  
  138  8:51  Zergling x2  
  138  8:53  Overlord  
  149  8:56  Hive  
  149  8:57  Overlord, Zergling x2  
  149  8:59  Zergling x4  
  149  9:00  Zergling x4  
  155  9:02  Zergling x2  
  155  9:03  Zergling x2  
  155  9:04  Zergling x2  
  154  9:16  Mutalisk x2  
  148  9:18  Mutalisk x2  
  148  9:20  Drone x2  
  155  9:25  Zergling x4  
  155  9:26  Zergling x2  
  155  9:29  Zergling x2  
  155  9:31  Zergling x2  
  160  9:32  Zergling x2  
  160  9:33  Zergling x2  
  160  9:34  Zergling x4  
  160  9:37  Zergling x2  
  160  9:38  Zergling x16  
  172  9:40  Zergling x10  
  172  9:42  Baneling x4  
  172  9:43  Baneling x7  
  178  9:51  Spine Crawler  
  176  9:54  Baneling x11  
  176  10:08  Zergling x4  
  177  10:14  Zerg Ground Armor Level 3  
  177  10:15  Adrenal Glands  
  177  10:16  Greater Spire  
  177  10:24  Baneling  
  177  10:26  Extractor  
  176  10:28  Zergling x2  
  176  10:29  Zergling x12  
  176  10:30  Zergling x2, Overseer  
  184  10:37  Zergling x2  
  185  10:47  Hatchery  
  185  10:48  Corruptor  
  185  10:49  Overlord  
  178  10:58  Zergling x2  
  178  11:00  Corruptor x5, Baneling x11  
  187  11:05  Zergling x2  
  172  11:17  Zergling x4  
  171  11:21  Zergling x2  
  171  11:22  Corruptor  
  171  11:24  Zergling x2, Baneling x3  
  171  11:25  Zergling x2  
  176  11:26  Zergling x2  
  176  11:27  Zergling x2  
  176  11:28  Zergling x4  
  176  11:30  Zergling x2  
  163  11:37  Brood Lord x4  
  163  11:38  Zergling x4  
  172  11:41  Zergling x14  
  172  11:44  Zergling x2, Brood Lord  
  172  11:45  Zergling x2  
  183  11:47  Spine Crawler, Zergling x2  
  183  11:48  Spine Crawler  
  183  11:49  Spine Crawler  
  183  11:50  Spine Crawler  
  180  11:55  Zerg Melee Weapons Level 3  
  180  11:59  Zergling x2  
  180  12:00  Zergling x6  
  163  12:02  Zergling x4  
  163  12:04  Zergling x22  
  163  12:05  Zergling x2  
  163  12:07  Brood Lord  
  162  12:11  Zergling x2  
  162  12:14  Zergling x4  
  165  12:15  Zergling x4  
  165  12:20  Baneling x9  
  165  12:21  Zergling x2, Baneling  
  161  12:23  Brood Lord  
  161  12:24  Baneling  
  161  12:25  Baneling x3  
  161  12:27  Zergling x2  
  161  12:28  Zergling x2  
  154  12:31  Zergling x2, Queen x2  
  154  12:36  Zergling x4  
  151  12:38  Baneling x9  
  151  12:39  Baneling  
  151  12:42  Zergling x2  
  143  12:44  Zergling x2  
  143  12:45  Zergling x4  
  143  12:46  Zergling x2  
  143  12:47  Zergling x14  
  146  12:51  Zerg Missile Weapons Level 1  
  146  12:53  Zergling x4  
  146  12:57  Zergling x4  
  142  13:00  Zergling x2  
  142  13:01  Zergling x2  
  132  13:09  Zergling x2  
  132  13:11  Zergling x20  
  132  13:12  Zergling x6  
  122  13:21  Baneling  
  122  13:25  Zergling x2  
  122  13:26  Zergling x14  
  126  13:28  Zergling x2  
  126  13:29  Zergling x2  
  126  13:30  Baneling  
  126  13:31  Baneling x5  
  127  13:41  Baneling x2  
  127  13:42  Pathogen Glands  
  127  13:44  Baneling  
  127  13:46  Drone x3  
  130  13:49  Baneling x2  
  130  13:54  Zergling x2  
  130  13:55  Baneling x14  
  131  13:57  Zergling x2  
  131  13:58  Zergling x4  
  131  14:00  Zergling x2  
  131  14:01  Zergling x2  
  131  14:02  Zergling x2  
  130  14:06  Corruptor x2  
  130  14:08  Infestor x2  
  130  14:09  Infestor  
  136  14:10  Zergling x2  
  134  14:18  Zergling x2  
  134  14:19  Zergling x2  
  134  14:20  Zergling x4  
  134  14:21  Zergling x6, Burrow  
  137  14:24  Zergling x2  
  137  14:27  Infestor x3  
  137  14:29  Zergling x6  
  137  14:30  Zergling x4  
  143  14:38  Corruptor, Spore Crawler  
  144  14:39  Spore Crawler  
  144  14:40  Infestor  
  144  14:41  Baneling  
  144  14:45  Brood Lord  
  146  14:48  Zergling x2  
  146  14:50  Zergling x4  
  146  14:51  Zergling x6  
  146  14:52  Zergling x2  
  153  14:53  Zergling x2  
  153  14:54  Zergling x2  
  153  14:56  Zergling x4  
  153  14:57  Zergling x2  
  153  14:58  Zergling x4  
  160  15:01  Infestor  
  160  15:03  Infestor  
  160  15:05  Infestor  
  160  15:06  Zergling x2  
  164  15:07  Zergling x4  
  164  15:11  Zerg Flyer Armor Level 1  
  166  15:18  Brood Lord  
  166  15:20  Zergling x8  
  172  15:21  Zergling x2  
  172  15:22  Zergling x4  
  172  15:24  Zergling x2  
  176  15:28  Zergling x2  
  176  15:29  Zergling x2  
  176  15:30  Brood Lord  
  179  15:38  Zergling x4  
  179  15:39  Zergling x2  
  176  15:44  Zergling x6  
  176  15:45  Zergling x4  
  176  15:46  Zergling x2  
  176  15:47  Zergling x6  
  165  15:58  Corruptor x2  
  165  16:03  Baneling x9  
  165  16:04  Hatchery, Baneling x2  
  169  16:06  Zergling x4  
  164  16:17  Corruptor x3  
  166  16:19  Zergling x4  
  166  16:22  Zergling x2  
  169  16:28  Zergling x4  
  165  16:33  Brood Lord x2  
  169  16:47  Corruptor x2  
  173  16:59  Brood Lord  
  173  17:00  Brood Lord x2  
  179  17:07  Zerg Flyer Armor Level 2  
  179  17:08  Overlord x5  
  179  17:15  Zergling x2  
  179  17:17  Spine Crawler, Zergling x4  
  179  17:18  Zergling x4  
  179  17:19  Zergling x2  
  179  17:22  Corruptor  
  173  17:26  Corruptor  
  174  17:32  Corruptor  
  174  17:33  Corruptor  
  177  17:45  Corruptor x3  
  177  17:50  Zerg Missile Weapons Level 2  
  183  17:52  Zergling x2  
  183  17:53  Hydralisk Den, Zergling x2  
  183  17:57  Corruptor  
  179  18:15  Zergling x2  
  179  18:17  Zergling x2  
  179  18:18  Zergling x2  
  177  18:23  Zergling x2  
  177  18:25  Zergling x2  
  177  18:26  Corruptor  
  177  18:27  Corruptor x6  
  173  18:33  Zergling x8  
  191  18:37  Muscular Augments  
  191  18:38  Zergling x2  
  192  18:44  Zergling x8  
  192  18:45  Zergling x2, Spore Crawler  
  192  18:47  Zergling x2  
  197  18:51  Zergling x2  
  198  18:56  Neural Parasite  
  198  19:06  Zergling x4  
  198  19:07  Spine Crawler, Infestor x2  
  198  19:08  Zergling x2  
  200  19:13  Overlord  
  200  19:16  Overlord, Hatchery  
  199  19:17  Overseer x3  
  199  19:18  Overseer  
  199  19:23  Baneling  
  199  19:24  Overlord  
  199  19:31  Overlord  
  200  19:37  Baneling  
  200  19:38  Baneling  
  199  19:39  Overseer x2  
  197  19:46  Zergling x4  
  197  19:47  Zergling x2  
  198  19:53  Baneling  
  198  19:59  Overseer x2  
  176  20:16  Zergling x2  
  176  20:18  Zergling x2  
  159  20:25  Zergling x2  
  159  20:26  Zergling x6  
  159  20:28  Zergling x4  
  160  20:30  Zergling x2  
  160  20:31  Corruptor x2, Zergling x2  
  160  20:33  Zergling x2  
  165  20:36  Hatchery  
  162  20:43  Zergling x2  
  162  20:45  Zergling x2  
  162  20:47  Zergling x2  
  162  20:49  Zergling x2  
  170  20:50  Zergling x2  
Show
View Real Time Build Order
Export as new Build Order

DeMusliM Terran 

Build Orders: Reaper Expand, MMM Bio 

Get SALT Encoding   

  12  0:00  SCV  
  13  0:12  SCV  
  14  0:17  Supply Depot  
  14  0:25  SCV  
  15  0:38  SCV  
  15  0:39  Barracks  
  16  0:44  Refinery  
  16  0:50  SCV  
  17  1:02  SCV  
  18  1:15  SCV  
  19  1:26  Reaper  
  19  1:27  Orbital Command  
  20  1:40  Command Center  
  20  1:46  Supply Depot  
  20  1:54  SCV  
  20  1:58  Marine  
  22  2:06  SCV  
  23  2:10  Factory  
  23  2:18  SCV  
  23  2:20  Barracks Reactor  
  24  2:30  SCV  
  25  2:43  SCV  
  23  2:55  SCV  
  24  2:59  Starport  
  24  3:04  Hellion x2  
  28  3:06  Orbital Command  
  28  3:07  SCV  
  29  3:18  Barracks Tech Lab  
  29  3:19  SCV  
  34  3:31  SCV  
  34  3:32  Supply Depot  
  34  3:33  SCV  
  32  3:37  Command Center  
  32  3:45  Hellion x2  
  32  3:47  SCV  
  37  3:50  SCV  
  38  3:55  Refinery  
  38  3:57  Banshee  
  38  3:59  SCV  
  38  4:00  Barracks Tech Lab  
  42  4:03  SCV  
  43  4:11  SCV  
  43  4:15  SCV  
  45  4:23  SCV  
  45  4:27  SCV  
  46  4:32  Stimpack  
  46  4:35  SCV, Barracks  
  46  4:36  Barracks  
  47  4:39  SCV, Engineering Bay  
  47  4:40  Factory Reactor, Engineering Bay  
  47  4:42  Refinery  
  47  4:44  Refinery  
  48  4:47  SCV  
  48  4:51  SCV  
  48  4:52  Orbital Command  
  50  4:57  Starport Reactor  
  50  4:59  SCV  
  51  5:03  SCV  
  51  5:04  Supply Depot, Marine  
  51  5:05  Terran Infantry Weapons Level 1  
  53  5:12  SCV  
  54  5:15  Terran Infantry Armor Level 1, SCV  
  54  5:16  Orbital Command  
  55  5:22  Marine  
  55  5:24  SCV  
  55  5:26  Marine x2  
  55  5:27  SCV  
  60  5:29  Siege Tank  
  60  5:33  Supply Depot  
  63  5:36  SCV  
  63  5:40  SCV  
  65  5:44  Medivac, Marine x2  
  65  5:46  Supply Depot, SCV  
  65  5:48  SCV  
  65  5:49  Marine x2  
  73  5:50  Marine  
  73  5:52  SCV  
  75  5:57  Medivac  
  75  5:58  SCV  
  75  5:59  Supply Depot x2  
  75  6:00  SCV  
  75  6:02  Marine  
  79  6:06  SCV  
  79  6:10  SCV  
  81  6:12  SCV, Marine x3  
  85  6:19  Armory  
  85  6:20  Barracks  
  85  6:21  Supply Depot, Barracks  
  85  6:22  SCV x2  
  85  6:24  SCV  
  85  6:25  Marine  
  88  6:29  Marine x2  
  88  6:30  Marine  
  92  6:33  Combat Shields  
  92  6:34  SCV x2  
  92  6:37  SCV  
  92  6:38  Marine  
  96  6:43  Marine  
  96  6:46  Supply Depot x2, SCV x2  
  99  6:48  Refinery  
  99  6:49  SCV, Marine x2  
  99  6:50  Marine  
  103  6:58  SCV, Marine  
  103  6:59  SCV  
  103  7:00  Siege Tank  
  103  7:01  SCV, Marine  
  109  7:07  Marine x2  
  114  7:09  Terran Infantry Weapons Level 2, Terran Infantry Armor Level 2  
  114  7:10  SCV  
  114  7:11  Supply Depot  
  114  7:13  Barracks Reactor  
  114  7:15  Barracks Reactor  
  114  7:17  Supply Depot  
  114  7:20  Marine x3  
  114  7:22  Medivac x2  
  121  7:23  Terran Vehicle And Ship Armor Level 1  
  121  7:25  Marine x2  
  123  7:30  Supply Depot  
  123  7:36  SCV  
  121  7:37  SCV  
  121  7:38  Marine x3  
  121  7:40  Supply Depot  
  124  7:44  Marine  
  124  7:45  Marine  
  124  7:48  SCV  
  126  7:52  Medivac x2, Command Center  
  126  7:53  Siege Tank  
  126  7:54  Supply Depot  
  126  7:56  Marine  
  134  7:59  Marine x2  
  134  8:03  Supply Depot  
  134  8:04  Supply Depot  
  136  8:09  Barracks  
  136  8:10  Marine x3, Barracks x2  
  139  8:13  Marine x2  
  139  8:17  Marine x2  
  143  8:20  Marine x2  
  145  8:27  Marine  
  145  8:28  Marine  
  145  8:33  Marine  
  145  8:34  Marine x2  
  136  8:35  Medivac x2, Marine x2  
  136  8:38  Marine  
  136  8:39  Marine  
  145  8:41  Concussive Shells  
  145  8:45  Supply Depot  
  145  8:49  Marine x2  
  145  8:52  Siege Tank  
  150  8:57  Refinery  
  150  8:59  Marine x6, Marauder  
  158  9:03  Barracks Tech Lab  
  158  9:04  Barracks Tech Lab  
  158  9:05  Medivac x2  
  158  9:07  Marine x2  
  149  9:19  Barracks Reactor  
  149  9:21  Missile Turret  
  140  9:24  Thor  
  140  9:27  Factory, Missile Turret  
  140  9:28  Missile Turret  
  140  9:30  Marine x3  
  140  9:31  Marauder x3  
  153  9:35  SCV x2  
  153  9:36  Marine  
  153  9:37  Marine  
  161  9:39  Terran Infantry Weapons Level 3  
  161  9:42  SCV  
  158  9:47  Terran Infantry Armor Level 3, SCV  
  158  9:48  Marine x2, Refinery  
  158  9:49  Marine  
  158  9:50  Marine x2  
  158  9:52  SCV, Marauder x2  
  169  9:53  Missile Turret  
  169  9:55  Planetary Fortress  
  169  9:56  Missile Turret  
  169  10:01  Marine, Marauder  
  172  10:13  Factory Tech Lab  
  172  10:17  Marine x6, Marauder  
  172  10:18  Marauder  
  182  10:22  Marauder  
  182  10:24  Thor  
  182  10:25  Terran Vehicle And Ship Armor Level 2  
  190  10:32  Marine  
  191  10:36  Marine  
  191  10:39  Marauder  
  191  10:40  Marauder  
  196  10:48  Marine x2, Marauder  
  197  10:55  Marine  
  197  10:56  Medivac x2  
  199  10:58  Marine  
  200  11:08  Missile Turret  
  175  11:11  Marine x2  
  175  11:12  Marine x6, Marauder  
  175  11:13  Thor x2  
  175  11:16  Marine  
  175  11:17  Marauder  
  196  11:23  Marine  
  196  11:24  Marauder  
  192  11:25  SCV x2  
  192  11:26  SCV  
  192  11:29  Marine x2  
  192  11:31  SCV  
  192  11:32  Marine  
  191  11:33  Marauder  
  191  11:37  SCV  
  191  11:38  Marauder  
  196  11:41  Marine  
  196  11:45  Marauder  
  196  11:46  Supply Depot  
  199  11:49  Marine  
  200  12:05  Marine  
  200  12:08  Marauder  
  191  12:11  Marine, Marauder  
  191  12:13  Marine, Marauder  
  191  12:14  Command Center, Marine  
  198  12:18  Building Armor  
  198  12:23  Marine x2  
  198  12:24  Hi-Sec Auto Tracking  
  198  12:29  Marauder  
  192  12:33  Marauder  
  192  12:35  Marine, Marauder  
  192  12:36  Marine x3  
  171  12:47  Marine x2  
  171  12:48  Marine  
  171  12:51  Marauder  
  161  12:52  Marine x2  
  161  12:54  Marauder  
  161  12:57  Marauder  
  160  12:58  Marine  
  160  13:00  Marine  
  160  13:04  Marine  
  153  13:06  Marine  
  153  13:11  Marine  
  153  13:12  Marauder  
  135  13:15  Marine x2, Marauder  
  135  13:18  Marauder  
  133  13:21  Marine x2  
  133  13:23  Marine  
  119  13:32  Marine x4  
  119  13:33  Marauder  
  123  13:37  Marine x2, Marauder  
  127  13:43  Marine x5  
  132  13:50  Marine  
  132  13:53  Marine x2  
  132  13:55  Marauder  
  137  14:00  Planetary Fortress  
  137  14:02  Marine x5  
  140  14:07  Marine, Marauder  
  141  14:21  Marine, Marauder  
  141  14:26  Marine  
  141  14:27  Medivac x2, Marauder  
  141  14:28  Marine x3  
  141  14:29  Marauder  
  152  14:34  Marine x2  
  152  14:35  Marine  
  152  14:37  Marine  
  152  14:38  Marine  
  157  14:42  Marine  
  157  14:43  Marauder  
  157  14:44  Thor, Marine  
  157  14:45  Thor  
  173  14:48  Marauder  
  175  14:54  Marine x5, Marauder  
  175  14:57  Medivac x2  
  175  14:59  Marine  
  185  15:04  Marauder  
  187  15:09  Marine x2  
  187  15:10  Marauder  
  187  15:11  Marine  
  187  15:12  Marine x6  
  191  15:14  Terran Vehicle And Ship Armor Level 3  
  191  15:18  Marine, Marauder  
  194  15:22  Starport x2  
  194  15:25  Marauder  
  194  15:27  Marine  
  197  15:31  Marine  
  197  15:32  Marauder  
  197  15:44  Orbital Command  
  197  15:45  Marine  
  197  15:46  Marauder  
  187  15:51  Supply Depot  
  187  15:52  Supply Depot  
  187  15:53  Supply Depot, Marine  
  187  15:54  Supply Depot x2  
  188  16:07  Marine  
  188  16:08  Marauder  
  188  16:09  Marauder  
  187  16:14  Viking x3  
  193  16:20  Ghost Academy  
  193  16:24  Refinery  
  193  16:27  Refinery  
  193  16:28  Refinery  
  193  16:33  Command Center  
  193  16:40  Marine  
  193  16:41  Marauder  
  196  16:48  Marauder  
  198  17:00  Viking x2  
  198  17:16  Viking x2  
  187  17:25  Ghost x3  
  187  17:29  Marine x2  
  195  17:30  Viking x2  
  199  17:40  Marine  
  200  18:02  Command Center  
  200  18:11  Starport Reactor x2  
  200  18:13  Starport Tech Lab, Starport Reactor  
  200  18:14  Terran Ship Weapons Level 1  
  200  18:18  Ghost x3  
  198  18:23  Viking  
  199  18:33  Ghost Academy, Personal Cloaking  
  199  18:39  Ghost Academy  
  199  18:45  Planetary Fortress  
  199  19:05  Fusion Core  
  199  19:15  Orbital Command  
  199  19:18  Command Center  
  199  19:21  Ghost  
  197  19:24  Ghost x2, Sensor Tower  
  197  19:27  Viking  
  199  19:35  Missile Turret x2  
  199  19:36  Missile Turret  
  196  19:38  Sensor Tower  
  196  19:41  Viking x2  
  200  20:08  Viking  
  200  20:13  Ghost x2  
  170  20:16  Ghost, Marine x2  
  170  20:17  Marine x3  
  120  20:31  Viking x2  
  120  20:32  Marine  
  120  20:33  Marine  
  109  20:41  Ghost x2  
Tags
 
Add a new tag
Caveats
  • Supply blocks, unpowered buildings, or Contaminate may cause inaccurate times.
  • Supply counts are checked every 10 seconds.